SR
VALLEY VIEW COUGARS @ CANONNIERS DE QUEBEC
08/24/2042
 
TOP OF THE 1ST
Valley View Cougars batting - Pitching for Canonniers de Quebec : LHP Darwin Donovan
Pitching: LHP Darwin Donovan
Batting: RHB Pepe Melandri 0-0: Ball
1-0: Foul Ball, location: 2F
1-1: Called Strike
1-2: Strikes out swinging
Batting: RHB Shaun Kingsley 0-0: Called Strike
0-1: Ball
1-1: Foul Ball, location: 2F
1-2: Ball
2-2: Strikes out swinging, 2-3 out at first.
Batting: RHB Jay Harris 0-0: Foul Ball, location: 2F
0-1: Called Strike
0-2: Ball
1-2: Foul Ball, location: 2F
1-2: Ball
2-2: Fly out, F8 (Line Drive, 8LD, EV 91.2 MPH)
Top of the 1st over - 0 runs, 0 hits, 0 errors, 0 left on base; Valley View 0 - Canonniers de Quebec 0
BOTTOM OF THE 1ST
Canonniers de Quebec batting - Pitching for Valley View Cougars : RHP Mike Wheeler
Pitching: RHP Mike Wheeler
Batting: RHB Ludwig Mangin 0-0: Foul Ball, location: 2F
0-1: Ball
1-1: Foul Ball, location: 2F
1-2: Strikes out swinging
Batting: RHB Manny Costello 0-0: Called Strike
0-1: Ground out U3 (Groundball, 3L, EV 103.8 MPH)
Batting: RHB Luis Manuel Pérez 0-0: Ball
1-0: Ball
2-0: Fly out, F8 (Flyball, 8RXD, EV 85.6 MPH)
Bottom of the 1st over - 0 runs, 0 hits, 0 errors, 0 left on base; Valley View 0 - Canonniers de Quebec 0
TOP OF THE 2ND
Valley View Cougars batting - Pitching for Canonniers de Quebec : LHP Darwin Donovan
Batting: SHB Markus Anderson 0-0: Foul Ball, location: 2F
0-1: Ball
1-1: Ball
2-1: Foul Ball, location: 2F
2-2: Foul Ball, location: 2F
2-2: Foul Ball, location: 2F
2-2: Strikes out swinging
Batting: RHB Mark Quick 0-0: Called Strike
0-1: Ball
1-1: Fly out, F9 (Line Drive, 9, EV 98.8 MPH)
Batting: RHB Gabe Joicey 0-0: Called Strike
0-1: Ball
1-1: Ball
2-1: SINGLE (Line Drive, 8LS, EV 95.0 MPH)
Batting: RHB James Gill 0-0: Ball
1-0: Ball
2-0: Called Strike
2-1: Ball
3-1: Foul Ball, location: 2F
3-2: Ground out 1-3 (Groundball, 34S, EV 80.6 MPH)
Top of the 2nd over - 0 runs, 1 hit, 0 errors, 1 left on base; Valley View 0 - Canonniers de Quebec 0
BOTTOM OF THE 2ND
Canonniers de Quebec batting - Pitching for Valley View Cougars : RHP Mike Wheeler
Batting: LHB Tomás Gutiérrez 0-0: Foul Ball, location: 2F
0-1: Ground out U3 (Groundball, 3, EV 83.1 MPH)
Batting: RHB Rich Robinson 0-0: Ball
1-0: DOUBLE (Line Drive, 9LM, EV 106.2 MPH)
Batting: LHB Mark Weber 0-0: Swinging Strike
0-1: Called Strike
Rich Robinson is caught stealing 3rd base 2-5
0-2: Ball
1-2: Foul Ball, location: 2F
1-2: Strikes out swinging
Bottom of the 2nd over - 0 runs, 1 hit, 0 errors, 0 left on base; Valley View 0 - Canonniers de Quebec 0
TOP OF THE 3RD
Valley View Cougars batting - Pitching for Canonniers de Quebec : LHP Darwin Donovan
Batting: RHB Okalani Karri 0-0: Ball
1-0: Ball
2-0: Called Strike
2-1: Fly out, F8 (Line Drive, 8RD, EV 95.0 MPH)
Batting: RHB Frank Corbett 0-0: Ball
1-0: Ball
2-0: SINGLE (Groundball, 3, EV 106.9 MPH) (infield hit)
Batting: RHB Pepe Melandri 0-0: Called Strike
0-1: Ball
1-1: Ball
2-1: Foul Ball, location: 2F
2-2: SINGLE (Groundball, 6MD, EV 108.8 MPH)
Frank Corbett to second
Runner from 2nd tries for 3rd, SAFE, no throw by CF
Batting: RHB Shaun Kingsley 0-0: Fly out, F8 (Line Drive, 8LM, EV 105.6 MPH)
Runner from 3rd tags up, SCORES, throw by CF
Batting: RHB Jay Harris 0-0: Fly out, F8 (Line Drive, 8LM, EV 95.6 MPH)
Top of the 3rd over - 1 run, 2 hits, 0 errors, 1 left on base; Valley View 1 - Canonniers de Quebec 0
BOTTOM OF THE 3RD
Canonniers de Quebec batting - Pitching for Valley View Cougars : RHP Mike Wheeler
Batting: RHB Gael Kerwin 0-0: Called Strike
0-1: Called Strike
0-2: Foul Ball, location: 2F
0-2: Foul Ball, location: 2F
0-2: Foul Ball, location: 2F
0-2: Ball
1-2: Strikes out swinging
Batting: RHB Ron Johnson 0-0: Ball
1-0: Foul Ball, location: 2F
1-1: Ball
2-1: Called Strike
2-2: Fly out, F9 (Flyball, 89XD, EV 91.2 MPH)
Batting: RHB José Negrete 0-0: Called Strike
0-1: Ball
1-1: Called Strike
1-2: Fly out, F3 (Line Drive, 3, EV 67.5 MPH)
Bottom of the 3rd over - 0 runs, 0 hits, 0 errors, 0 left on base; Valley View 1 - Canonniers de Quebec 0
TOP OF THE 4TH
Valley View Cougars batting - Pitching for Canonniers de Quebec : LHP Darwin Donovan
Batting: SHB Markus Anderson 0-0: Ball
1-0: Called Strike
1-1: Called Strike
1-2: Ground out 5-3 (Groundball, 5, EV 99.4 MPH)
Batting: RHB Mark Quick 0-0: Called Strike
0-1: Fly out, F8 (Line Drive, 8LM, EV 95.6 MPH)
Batting: RHB Gabe Joicey 0-0: Ball
1-0: SINGLE (Line Drive, 4MD, EV 98.1 MPH)
Batting: RHB James Gill 0-0: Called Strike
0-1: Fly out, F8 (Flyball, 8RS, EV 91.9 MPH)
Top of the 4th over - 0 runs, 1 hit, 0 errors, 1 left on base; Valley View 1 - Canonniers de Quebec 0
BOTTOM OF THE 4TH
Canonniers de Quebec batting - Pitching for Valley View Cougars : RHP Mike Wheeler
Batting: RHB Ludwig Mangin 0-0: Ground out 6-3 (Groundball, 6, EV 95.6 MPH)
Batting: RHB Manny Costello 0-0: Ball
1-0: Foul Ball, location: 2F
1-1: Called Strike
1-2: Ball
2-2: Ground out 6-3 (Groundball, 6, EV 86.9 MPH)
Batting: RHB Luis Manuel Pérez 0-0: Ball
1-0: Fly out, F7 (Flyball, 7S, EV 83.8 MPH)
Bottom of the 4th over - 0 runs, 0 hits, 0 errors, 0 left on base; Valley View 1 - Canonniers de Quebec 0
TOP OF THE 5TH
Valley View Cougars batting - Pitching for Canonniers de Quebec : LHP Darwin Donovan
Batting: RHB Okalani Karri 0-0: Fly out, F9 (Flyball, 9S, EV 88.8 MPH)
Batting: RHB Frank Corbett 0-0: Foul Ball, location: 2F
0-1: Ball
1-1: Ball
2-1: Foul Ball, location: 2F
2-2: Foul Ball, location: 2F
2-2: Strikes out swinging
Batting: RHB Pepe Melandri 0-0: Foul Ball, location: 2F
0-1: Called Strike
0-2: Ball
1-2: Fly out, F9 (Line Drive, 9, EV 90.0 MPH)
Top of the 5th over - 0 runs, 0 hits, 0 errors, 0 left on base; Valley View 1 - Canonniers de Quebec 0
BOTTOM OF THE 5TH
Canonniers de Quebec batting - Pitching for Valley View Cougars : RHP Mike Wheeler
Batting: LHB Tomás Gutiérrez 0-0: Swinging Strike
0-1: Ball
1-1: Ball
2-1: Foul Ball, location: 2F
2-2: DOUBLE (Line Drive, 78XD, EV 97.5 MPH)
Batting: RHB Rich Robinson 0-0: Called Strike
0-1: Ball
1-1: Ball
2-1: Ball
3-1: Swinging Strike
3-2: Strikes out swinging
Batting: LHB Mark Weber 0-0: Foul Ball, location: 2F
0-1: Called Strike
0-2: Ball
1-2: Ball
2-2: Strikes out swinging
Batting: RHB Gael Kerwin 0-0: Ball
1-0: Ball
2-0: Ball
3-0: Called Strike
3-1: Foul Ball, location: 2F
3-2: Foul Ball, location: 2F
3-2: Ground out 5-3 (Groundball, 56S, EV 90.0 MPH)
Bottom of the 5th over - 0 runs, 1 hit, 0 errors, 1 left on base; Valley View 1 - Canonniers de Quebec 0
TOP OF THE 6TH
Valley View Cougars batting - Pitching for Canonniers de Quebec : LHP Darwin Donovan
Batting: RHB Shaun Kingsley 0-0: Called Strike
0-1: Ball
1-1: Foul Ball, location: 2F
1-2: Ball
2-2: Ball
3-2: Strikes out swinging
Batting: RHB Jay Harris 0-0: Called Strike
0-1: Foul Ball, location: 2F
0-2: Foul Ball, location: 2F
0-2: Ball
1-2: Ball
2-2: Foul Ball, location: 2F
2-2: Ball
3-2: Foul Ball, location: 2F
3-2: DOUBLE (Line Drive, 9LS, EV 107.5 MPH)
Batting: SHB Markus Anderson 0-0: Intentional Walk
Batting: RHB Mark Quick 0-0: Called Strike
0-1: Fly out, F8 (Flyball, 8LS, EV 92.5 MPH)
Batting: RHB Gabe Joicey 0-0: Ball
1-0: SINGLE (Line Drive, 9S, EV 92.5 MPH)
Jay Harris to third
Markus Anderson to second
Runner from 3rd tries for Home, SAFE, no throw by RF
Batting: RHB James Gill 0-0: Ball
1-0: Ball
2-0: Called Strike
2-1: Ground out 4-3 (Groundball, 4S, EV 89.4 MPH)
Top of the 6th over - 1 run, 2 hits, 0 errors, 2 left on base; Valley View 2 - Canonniers de Quebec 0
BOTTOM OF THE 6TH
Canonniers de Quebec batting - Pitching for Valley View Cougars : RHP Mike Wheeler
Batting: RHB Ron Johnson 0-0: Called Strike
0-1: Ball
1-1: Called Strike
1-2: Foul Ball, location: 2F
1-2: Ball
2-2: Fly out, F8 (Line Drive, 8RM, EV 98.1 MPH)
Batting: RHB José Negrete 0-0: Called Strike
0-1: Called Strike
0-2: Fly out, F7 (Flyball, 7LS, EV 76.2 MPH)
Batting: RHB Ludwig Mangin 0-0: Foul Ball, location: 2F
0-1: DOUBLE (Line Drive, 7LS, EV 105.0 MPH)
Batting: RHB Manny Costello 0-0: Swinging Strike
0-1: Ball
1-1: Ball
2-1: Fly out, F7 (Flyball, 78S, EV 86.9 MPH)
Bottom of the 6th over - 0 runs, 1 hit, 0 errors, 1 left on base; Valley View 2 - Canonniers de Quebec 0
TOP OF THE 7TH
Valley View Cougars batting - Pitching for Canonniers de Quebec : LHP Darwin Donovan
Batting: RHB Okalani Karri 0-0: SINGLE (Line Drive, 8LM, EV 96.2 MPH)
Batting: RHB Frank Corbett 0-0: Ball
1-0: Called Strike
1-1: Ball
2-1: Swinging Strike
2-2: Strikes out swinging
Pitching: RHP Gong Jing
Batting: RHB Pepe Melandri 0-0: Ball
1-0: Foul Ball, location: 2F
1-1: Fielders Choice at 2nd, 1-6 (Groundball, 34S, EV 66.2 MPH)
Batting: RHB Shaun Kingsley 0-0: Ball
1-0: Fly out, F8 (Line Drive, 8LD, EV 85.0 MPH)
Top of the 7th over - 0 runs, 1 hit, 0 errors, 1 left on base; Valley View 2 - Canonniers de Quebec 0
BOTTOM OF THE 7TH
Canonniers de Quebec batting - Pitching for Valley View Cougars : RHP Mike Wheeler
Batting: RHB Luis Manuel Pérez 0-0: Ground out 6-3 (Groundball, 6, EV 86.9 MPH)
Batting: LHB Tomás Gutiérrez 0-0: Called Strike
0-1: Foul Ball, location: 2F
0-2: Fly out, F8 (Flyball, 78D, EV 88.8 MPH)
Batting: RHB Rich Robinson 0-0: Ball
1-0: Swinging Strike
1-1: DOUBLE (Flyball, 78D, EV 90.6 MPH)
Batting: LHB Mark Weber 0-0: Called Strike
0-1: Called Strike
0-2: Ball
1-2: Foul Ball, location: 2F
1-2: Fly out, F6 (Popup, 6, EV 72.5 MPH)
Bottom of the 7th over - 0 runs, 1 hit, 0 errors, 1 left on base; Valley View 2 - Canonniers de Quebec 0
TOP OF THE 8TH
Valley View Cougars batting - Pitching for Canonniers de Quebec : RHP Gong Jing
Batting: RHB Jay Harris 0-0: Called Strike
0-1: Swinging Strike
0-2: Ball
1-2: Ball
2-2: Ball
3-2: Fly out, F9 (Flyball, 9D, EV 99.4 MPH)
Batting: SHB Markus Anderson 0-0: Foul Ball, location: 2F
0-1: Ball
1-1: Ground out 1-3 (Groundball, 34S, EV 81.2 MPH)
Batting: RHB Mark Quick 0-0: Foul Ball, location: 2F
0-1: Foul Ball, location: 2F
0-2: Foul Ball, location: 2F
0-2: Foul Ball, location: 2F
0-2: Ball
1-2: SOLO HOME RUN (Flyball, 7D, EV 106.2 MPH), Distance : 401 ft
Batting: RHB Gabe Joicey 0-0: Ball
1-0: Called Strike
1-1: Foul Ball, location: 2F
1-2: Ball
2-2: Reached on error, E5 (Groundball, 56S, EV 84.4 MPH)
Batting: RHB James Gill 0-0: Ball
1-0: Foul Ball, location: 2F
1-1: Swinging Strike
1-2: Foul Ball, location: 2F
1-2: Ball
2-2: Ball
3-2: Strikes out swinging
Top of the 8th over - 1 run, 1 hit, 1 error, 1 left on base; Valley View 3 - Canonniers de Quebec 0
BOTTOM OF THE 8TH
Canonniers de Quebec batting - Pitching for Valley View Cougars : RHP Mike Wheeler
Batting: RHB Gael Kerwin 0-0: Ball
1-0: Ball
2-0: Called Strike
2-1: Ball
3-1: Foul Ball, location: 2F
3-2: Strikes out swinging
Pitching: LHP Dave Davis
Batting: RHB Ron Johnson 0-0: Swinging Strike
0-1: Ball
1-1: Foul Ball, location: 2F
1-2: Ball
2-2: SINGLE (Line Drive, 9S, EV 101.9 MPH)
Batting: RHB José Negrete 0-0: Foul Ball, location: 2F
0-1: Swinging Strike
0-2: Foul Ball, location: 2F
0-2: Ball
1-2: Foul Ball, location: 2F
1-2: Fly out, F9 (Flyball, 9, EV 83.1 MPH)
Batting: RHB Ludwig Mangin 0-0: Ball
1-0: Called Strike
1-1: Foul Ball, location: 2F
1-2: Ball
2-2: Strikes out looking
Bottom of the 8th over - 0 runs, 1 hit, 0 errors, 1 left on base; Valley View 3 - Canonniers de Quebec 0
TOP OF THE 9TH
Valley View Cougars batting - Pitching for Canonniers de Quebec : RHP Gong Jing
Batting: RHB Okalani Karri 0-0: Ball
1-0: Ball
2-0: Fly out, F9 (Flyball, 89S, EV 94.4 MPH)
Batting: RHB Frank Corbett 0-0: Ball
1-0: Foul Ball, location: 2F
1-1: Swinging Strike
1-2: Ball
2-2: Strikes out swinging
Batting: RHB Pepe Melandri 0-0: Ball
1-0: Ball
2-0: SINGLE (Line Drive, 9S, EV 88.1 MPH)
Batting: RHB Shaun Kingsley 0-0: Ball
1-0: Foul Ball, location: 2F
1-1: Swinging Strike
1-2: Ball
Pepe Melandri steals 2nd base
2-2: Fly out, F7 (Flyball, 78S, EV 98.8 MPH)
Top of the 9th over - 0 runs, 1 hit, 0 errors, 1 left on base; Valley View 3 - Canonniers de Quebec 0
BOTTOM OF THE 9TH
Canonniers de Quebec batting - Pitching for Valley View Cougars : LHP Dave Davis
Pitching: RHP Juan González
Batting: RHB Manny Costello 0-0: Ball
1-0: Swinging Strike
1-1: Called Strike
1-2: Foul Ball, location: 2F
1-2: Foul Ball, location: 2F
1-2: Ball
2-2: Strikes out swinging
Batting: RHB Luis Manuel Pérez 0-0: Called Strike
0-1: SOLO HOME RUN (Flyball, 78XD, EV 100.0 MPH), Distance : 415 ft
Batting: LHB Tomás Gutiérrez 0-0: Ball
1-0: SINGLE (Groundball, 6D, EV 94.4 MPH)
Batting: RHB Rich Robinson 0-0: Ball
1-0: Fly out, F4 (Popup, 4M, EV 67.5 MPH)
Batting: LHB Mark Weber 0-0: Ball
1-0: Swinging Strike
1-1: Fly out, F7 (Line Drive, 7, EV 91.9 MPH)
Bottom of the 9th over - 1 run, 2 hits, 0 errors, 1 left on base; Valley View 3 - Canonniers de Quebec 1
Friday, March 26th, 2021 - OOTP Baseball 20.8 Build 74